 Dungeon Crawl Stone Soup version 0.28.0-43-g3370ac3207 (webtiles) character file.

Game seed: 6914212230366652873

3072 boopmooplesden the Cleaver (level 9, 0/79 HPs)
             Began as a Minotaur Fighter on Mar 28, 2022.
             Was a Follower of Okawaru.
             Slain by a five-headed hydra (8 damage)
             ... on level 8 of the Dungeon.
             The game lasted 00:08:50 (8998 turns).

boopmooplesden the Cleaver (Minotaur Fighter)       Turns: 8998, Time: 00:08:51

Health: 0/79       AC: 14    Str: 23    XL:     9   Next: 58%
Magic:  6/8        EV: 13    Int:  5    God:    Okawaru [*.....]
Gold:   428        SH:  7    Dex: 12    Spells: 8/8 levels left

rFire   . . .      SeeInvis .   M - +5 flail
rCold   . . .      Faith    .   c - +1 buckler
rNeg    . . .      Spirit   .   b - +0 scale mail
rPois   +          Reflect  .   (helmet restricted)
rElec   .          Harm     .   r - +2 cloak {rPois}
rCorr   .          Rampage  .   (no gloves)
Will    .....                   F - +0 pair of boots
Stlth   ++........              (no amulet)
HPRegen 0.23/turn               (no ring)
MPRegen 0.11/turn               (no ring)

@: heroic
A: horns 2, retaliatory headbutt
a: Renounce Religion, Heroism


You were on level 8 of the Dungeon.
You worshipped Okawaru.
Okawaru was aware of your devotion.
You visited 2 branches of the dungeon, and saw 9 of its levels.

You collected 428 gold pieces.

Inventory:

Hand Weapons
 a - a +0 war axe
 A - a +1 falchion of holy wrath
 L - a +4 war axe
 M - a +5 flail (weapon)
Armour
 b - a +0 scale mail (worn)
 c - a +1 buckler (worn)
 r - a +2 cloak of poison resistance (worn)
 D - a +2 cloak
 F - a +0 pair of boots (worn)
Jewellery
 t - a ring of see invisible
 u - a +6 ring of dexterity
 v - a +6 ring of dexterity
 E - a ring of ice
 H - an amulet of faith
 J - a ring of wizardry
Wands
 g - a wand of acid (9)
 m - a wand of iceblast (8)
 p - a wand of flame (29)
 q - a wand of polymorph (6)
Scrolls
 i - a scroll of enchant armour
 l - 3 scrolls of magic mapping
 y - 3 scrolls of teleportation {unknown}
 C - 2 scrolls of amnesia
 G - a scroll of fear {unknown}
 I - a scroll of identify
Potions
 d - a potion of might
 e - 2 potions of mutation {unknown}
 f - a potion of magic {unknown}
 h - 7 potions of degeneration
 j - 2 potions of ambrosia {unknown}
 k - 5 potions of curing
 n - 4 potions of haste {unknown}
 o - 2 potions of flight {unknown}
 s - 2 potions of brilliance {unknown}
 w - a potion of berserk rage {unknown}
 x - 2 potions of lignification {unknown}
 z - 2 potions of heal wounds
 B - a potion of cancellation {unknown}
 K - a potion of attraction {unknown}


   Skills:
 + Level 7.5(12.5) Fighting
 + Level 10.6(15.6) Axes
 + Level 8.2(13.2) Armour
 + Level 4.2(9.2) Dodging
 + Level 2.0(7.0) Stealth
 + Level 5.6(10.6) Shields
 + Level 0.4 Evocations


You had 8 spell levels left.
You didn't know any spells.
Your spell library contained the following spells:

 Spells                   Type           Power      Damage    Failure   Level
 Magic Dart               Conj           0%         1d3       78%         1
 Pain                     Necr           0%         1d4       78%         1
 Slow                     Hex            0%         N/A       78%         1
 Searing Ray              Conj           0%         2d4       89%         2
 Confusing Touch          Hex            0%         N/A       98%         3
 Gell's Gravitas          Tloc           0%         N/A       98%         3
 Ozocubu's Armour         Ice            0%         N/A       98%         3
 Teleport Other           Tloc           0%         N/A       98%         3
 Vampiric Draining        Necr           0%         2d6       98%         3
 Fulminant Prism          Conj/Hex       0%         3d6       100%        4
 Dispersal                Tloc           0%         N/A       100%        6
 Ozocubu's Refrigeration  Ice            0%         4d5       100%        7
 Animate Skeleton         Necr           Unusable   N/A       N/A         1
 Summon Ice Beast         Ice/Summ       Unusable   N/A       N/A         4
 Summon Mana Viper        Hex/Summ       Unusable   N/A       N/A         5
 Monstrous Menagerie      Summ           Unusable   N/A       N/A         7

Dungeon Overview and Level Annotations

Branches:
Dungeon (8/15)             Temple (1/1) D:4
   Lair: D:8-11

Altars:
Ashenzari
Cheibriados
Dithmenos
Elyvilon
Fedhas
Hepliaklqana
Kikubaaqudgha
Makhleb
Nemelex Xobeh
Okawaru
Qazlal
Ru
Sif Muna
Trog
Uskayaw
Wu Jian
Xom
Yredelemnul
The Shining One

Annotations:
D:7 2 transporters
D:8 3 runed translucent doors, sanboga's ghost, novice GrFi


Innate Abilities, Weirdness & Mutations

You have a pair of horns on your head.
You reflexively headbutt those who attack you in melee.


Message History

A five-headed hydra is nearby!
A five-headed hydra is nearby!
Things that are here:
a +5 flail; a +0 robe
M - a +5 flail The five-headed hydra bites you.
The five-headed hydra bites you but does no damage.
The five-headed hydra bites you!
You block the five-headed hydra's attack.
The five-headed hydra closely misses you.
M - a +5 flail (weapon)
You gain the combat prowess of a mighty hero.
You block the five-headed hydra's attack.
The five-headed hydra bites you!
The five-headed hydra completely misses you.
The five-headed hydra bites you but does no damage.
The five-headed hydra bites you!
You sock the five-headed hydra!
The five-headed hydra is lightly wounded.
The five-headed hydra bites you. The five-headed hydra bites you!
The five-headed hydra closely misses you.
The five-headed hydra bites you. The five-headed hydra bites you!
You hit the five-headed hydra.
The five-headed hydra is lightly wounded.
The five-headed hydra bites you!
* * * LOW HITPOINT WARNING * * *
The five-headed hydra bites you but does no damage.
The five-headed hydra barely misses you.
You block the five-headed hydra's attack.
The five-headed hydra bites you but does no damage.
You barely miss the five-headed hydra.
The five-headed hydra is lightly wounded.
You barely miss the five-headed hydra.
The five-headed hydra is lightly wounded.
The five-headed hydra bites you!
* * * LOW HITPOINT WARNING * * *
The five-headed hydra misses you.
The five-headed hydra bites you but does no damage.
The five-headed hydra bites you!
You die...

##............#####.#
##.............#...#
#................... ###
#................# ##.##
##.........).....# ##...#
#.....)........## #....##
##....)[)......# #.....##
##...).).....## .......#
##..)@D.....#####. .......##
#................ ).......#
#.........######## #.......#
###.########.......#
#.......###...#.......######.#
#.............#.######.....#
##............# #.....####.#
#.............# #.####...#
#.#########...# #.D.##.#


You could see a five-headed hydra.

Vanquished Creatures
  A centaur zombie (D:7)
  2 wyverns (D:8)
  A steam dragon (D:7)
  2 water moccasins
  A sky beast (D:6)
  2 centaurs (D:8)
  6 ogres
  3 necrophages
  A phantom (D:6)
  A kobold brigand (D:8)
  A bullfrog (D:8)
  2 scorpions
  A wyvern skeleton (D:6)
  A water moccasin zombie (D:5)
  4 wights (D:8)
  A hound (D:4)
  An orc priest (D:3)
  A bullfrog skeleton (D:6)
  A centaur skeleton (D:7)
  Crazy Yiuf (D:5)
  2 jellies
  An iguana (D:7)
  3 orc wizards
  Robin (D:3)
  3 adders
  4 gnolls (D:4)
  An ufetubus (D:6)
  2 worms (D:2)
  27 orcs
  11 ball pythons
  5 endoplasms
  2 giant cockroaches (D:2)
  18 goblins
  8 hobgoblins
  2 jackals (D:3)
  4 quokkas
  7 bats
  6 frilled lizards
  9 kobolds
  24 rats
174 creatures vanquished.

Notes
Turn   | Place    | Note
-------+----------+-------------------------------------------
     0 | D:1      | boopmooplesden the Minotaur Fighter began the quest for the
                  | Orb.
     0 | D:1      | Reached XP level 1. HP: 19/19 MP: 0/0
   126 | D:1      | Found a faded altar of an unknown god.
   252 | D:1      | Reached XP level 2. HP: 26/27 MP: 1/1
  1079 | D:2      | Reached XP level 3. HP: 33/33 MP: 2/2
  1376 | D:2      | Reached skill level 3 in Axes
  1597 | D:2      | Found a stormy altar of Qazlal.
  1890 | D:3      | Reached XP level 4. HP: 38/40 MP: 3/3
  1897 | D:3      | Reached skill level 5 in Armour
  2226 | D:3      | Noticed Robin
  2239 | D:3      | Killed Robin
  2240 | D:3      | Reached skill level 4 in Axes
  2240 | D:3      | Reached XP level 5. HP: 34/46 MP: 4/4
  3031 | D:4      | Noticed an ogre
  3041 | D:4      | Killed an ogre
  3042 | D:4      | Reached skill level 5 in Axes
  3042 | D:4      | Reached skill level 1 in Dodging
  3046 | D:4      | Reached XP level 6. HP: 10/53 MP: 5/5
  3417 | D:4      | Found a staircase to the Ecumenical Temple.
  3466 | Temple   | Entered the Ecumenical Temple
  3856 | D:4      | Reached skill level 6 in Axes
  4283 | D:5      | Entered Level 5 of the Dungeon
  4329 | D:5      | Reached skill level 5 in Fighting
  4329 | D:5      | Reached XP level 7. HP: 61/61 MP: 6/6
  4492 | D:5      | Found an iron altar of Okawaru.
  4544 | D:5      | Reached skill level 7 in Axes
  5011 | D:5      | Found a runed translucent door.
  5012 | D:5      | Noticed Crazy Yiuf
  5397 | D:5      | Killed Crazy Yiuf
  5641 | D:6      | Reached skill level 8 in Axes
  5641 | D:6      | Reached skill level 1 in Stealth
  5641 | D:6      | Reached XP level 8. HP: 54/69 MP: 7/7
  6052 | D:6      | Found a white marble altar of Elyvilon.
  6709 | D:7      | Found a sacrificial altar of Ru.
  6709 | D:7      | Found a transporter.
  6710 | D:7      | Noticed a centaur warrior
  6711 | D:7      | Noticed a purple ugly thing
  6741 | D:7      | Reached skill level 9 in Axes
  6993 | D:7      | Found a transporter.
  7164 | D:7      | Reached skill level 5 in Shields
  7164 | D:7      | Reached XP level 9. HP: 57/78 MP: 8/8
  7268 | D:7      | Found an ornate altar of the Wu Jian Council.
  7665 | D:5      | Became a worshipper of Warmaster Okawaru
  7903 | D:7      | Found a stormy altar of Qazlal.
  7949 | D:7      | Found a sparkling altar of Nemelex Xobeh.
  8215 | D:8      | Reached skill level 10 in Axes
  8395 | D:8      | Noticed sanboga's ghost (novice GrFi)
  8405 | D:8      | Found a runed translucent gate.
  8405 | D:8      | Found a runed translucent gate.
  8411 | D:8      | Found a runed translucent gate.
  8417 | D:8      | Noticed a boulder beetle
  8676 | D:8      | Found a bloodstained altar of Trog.
  8902 | D:8      | Reached * piety under Okawaru
  8981 | D:8      | Noticed a five-headed hydra
  8998 | D:8      | Slain by a five-headed hydra

Illustrated notes

Levels and vault maps discovered:
D:1:      minmay_arrival_widening_spiral_wide, layout_basic,
          hellmonk_ecumenical_altar_lost_god
D:2:      layout_loops_cross, basic_altar
D:3:      layout_basic, grunt_ministairs_2, minmay_rat_hole, uniq_robin
D:4:      layout_basic, minmay_temple_entry_mini_moons, minivault_1,
          minmay_fractal_squares_5
D:5:      layout_basic, lemuel_crystal_altar, serial_glass, glass_columns_b,
          glass_columns_a, glass_columns_c, glass_columns_b, glass_columns_a,
          glass_columns_b, glass_columns_c, glass_columns_a, fountainhead,
          uniq_crazy_yiuf_cottage
D:6:      layout_gridville, elyvilon_altar_3
D:7:      layout_basic, nzn_wu_jian_council_hall, kennysheep_little_box,
          grunt_qazlal_sundering, gammafunk_temple_overflow_arena
D:8:      minmay_distorted_concentric_squares, layout_cave_pods,
          trog_hazing_becter, gammafunk_ghost_split, nicolae_two_hexagons,
          minmay_misc_feat_ornament
Temple:   nicolae_temple_hex_pool

Skill      XL: |  1  2  3  4  5  6  7  8  9 |
---------------+----------------------------+-----
Armour         | 4 5 6 7 8 |  8.2
Fighting       | 4 5 6 7 |  7.5
Axes           | 3 4 5 6 8 9 10 | 10.6
Shields        | 4 5 |  5.6
Dodging        | 1 2 3 4 |  4.2
Stealth        | 1 2 |  2.0
Evocations     | |  0.4

Action                   |  1- 3 |  4- 6 |  7- 9 || total
-------------------------+-------+-------+-------++-------
Melee: War axe           |    81 |   135 |   177 ||   393
       Headbutt          |    10 |    16 |    44 ||    70
       Flail             |       |       |     4 ||     4
Invok: Heroism           |       |       |     2 ||     2
Evoke: Wand              |       |     2 |       ||     2
  Use: Scroll            |       |    11 |       ||    11
       Potion            |       |       |     1 ||     1
 Stab: Invisible         |       |       |     1 ||     1
Armor: Scale mail        |    45 |    58 |    90 ||   193
Dodge: Dodged            |    35 |    59 |   113 ||   207
Block: Buckler           |    21 |    23 |    51 ||    95
